 Dungeon Crawl Stone Soup version 0.28-a0-239-g68911e0c57 (console) character file.

Game seed: 4714686234980052362

5944 toffzen the Fighter (level 11, -1/85 HPs)
             Began as a Djinni Venom Mage on Aug 20, 2021.
             Was a Follower of Makhleb.
             Slain by a skeletal warrior (24 damage)
             ... led by a skeletal warrior
             ... on level 10 of the Dungeon on Aug 23, 2021.
             The game lasted 00:55:50 (15710 turns).

toffzen the Fighter (Djinni Venom Mage)            Turns: 15710, Time: 00:55:50

Health: -1/85      AC:  5    Str:  7    XL:     11   Next: 9%
Gold:   381        EV: 12    Int: 20    God:    Makhleb [*.....] SH:  0 Dex: 17

rFire   + + +      SeeInvis .   b - +3 trident (protect)
rCold   x . .      Faith    .   (no shield)
rNeg    . . .      Spirit   .   E - +0 robe of Josapnyc {Dex+3}
rPois   ∞          Reflect  .   m - +0 helmet
rElec   .          Harm     .   (no cloak)
rCorr   .          Rampage  .   D - +1 pair of gloves
Will    +....                   (boots unavailable)
Stlth   ++........              (no amulet)
HPRegen 0.24/turn               C - ring of protection from fire
MPRegen 0.00/turn               (no ring)

@: flying, slowed, very slow
A: sickness immunity, fire resistance 2, cold vulnerability 1, float, innate
caster, hp casting, extra vitality 1
a: Renounce Religion


You were on level 10 of the Dungeon.
You worshipped Makhleb.
Makhleb was aware of your devotion.
You visited 2 branches of the dungeon, and saw 11 of its levels.

You collected 381 gold pieces.

Inventory:

Hand Weapons
 a - a +2 dagger of venom
 b - a +3 trident of protection (weapon)
Missiles
 i - 214 stones
 j - 105 poisoned darts
 n - a curare-tipped dart
Armour
 m - a +0 helmet (worn)
 D - a +1 pair of gloves (worn)
 E - the +0 robe of Josapnyc (worn) {Dex+3}
   (You found it on level 6 of the Dungeon)

   Dex:       It affects your dexterity (+3).
Magical Staves
 c - a staff of conjuration
 t - a staff of death
Jewellery
 C - a ring of protection from fire (left hand)
Wands
 q - a wand of flame (45)
 v - a wand of acid (12)
 x - a wand of digging (5)
 y - a wand of mindburst (3)
 z - a wand of iceblast (1)
Scrolls
 d - a scroll of teleportation
 e - 2 scrolls of magic mapping
 f - a scroll of enchant armour
 o - a scroll of blinking
 p - a scroll of enchant weapon
Potions
 g - 4 potions of curing
 h - a potion of brilliance
 k - a potion of invisibility
 l - a potion of haste
 r - a potion of attraction {unknown}
 s - a potion of resistance {unknown}
 u - 2 potions of mutation
 w - 2 potions of berserk rage
 A - a potion of lignification {unknown}
 B - a potion of heal wounds {unknown}
 F - a potion of flight {unknown}


   Skills:
 + Level 10.1 Fighting
 - Level 2.1 Dodging
 - Level 1.5 Stealth
 + Level 8.2 Spellcasting
 + Level 6.8 Invocations


You had 4 spell levels left.
You knew the following spells:

 Your Spells              Type           Power      Damage    Failure   Level
a - Sting                 Tmut/Pois      100%       1d8       1%          1
b - Poisonous Vapours     Pois/Air       82%        N/A       1%          2
c - Mephitic Cloud        Conj/Pois/Air  41%        N/A       1%          3
d - Olgreb's Toxic Radia  Pois           41%        N/A       2%          4
e - Freeze                Ice            100%       1d11      1%          1
f - Searing Ray           Conj           82%        3d6       1%          2
g - Ensorcelled Hibernat  Hex/Ice        82%        N/A       1%          2
h - Tukima's Dance        Hex            41%        N/A       1%          3
i - Sticky Flame          Conj/Fire      41%        2d6       2%          4
Your spell library was empty.

Dungeon Overview and Level Annotations

Branches:
Dungeon (10/15)            Temple (1/1) D:6            Lair (0/6) D:10
    Orc: D:9-12

Altars:
Ashenzari
Cheibriados
Dithmenos
Fedhas
Hepliaklqana
Makhleb
Okawaru
Ru
Sif Muna
Trog
Uskayaw
Vehumet
Yredelemnul
The Shining One

Shops:
D:10 *


Innate Abilities, Weirdness & Mutations

You are immune to sickness and miasma.
You are immune to poison.
Your flesh is very heat resistant. (rF++)
You are vulnerable to cold. (rC-)
You float through the air rather than walking.
You learn spells naturally, not from books.
Your magical power is your life essence.
You have superior vitality. (+4 HP)


Message History

Aim: a wraith (82% to hit)
Okay, then.
Unknown command.
Unknown command.
Casting: Searing Ray (safe; 1% risk of failure)
Confirm with . or Enter, or press ? or * to list all spells.
Aiming: Searing Ray (safe; 1% risk of failure)
Press: ? - help, Shift-Dir - straight line, f - wraith
Aim: a wraith (82% to hit)
Okay, then.
Casting: Searing Ray (safe; 1% risk of failure)
Confirm with . or Enter, or press ? or * to list all spells.
Aiming: Searing Ray (safe; 1% risk of failure)
Press: ? - help, Shift-Dir - straight line, f - orc warrior
Aim: an orc warrior, wielding a +0 hand axe and wearing a +0 chain mail (80% to hit)
The searing ray hits the wraith.
The wraith is lightly damaged.
The searing ray misses the skeletal warrior.
The searing ray hits the orc warrior!
The orc warrior is moderately wounded. (Press . to maintain the ray.)
The wraith closely misses you. The wraith hits you.
The searing ray hits the wraith!
The wraith is heavily damaged.
The searing ray hits the skeletal warrior but does no damage.
The searing ray misses the orc warrior.
The skeletal warrior hits you from afar with a +0 glaive!
The wraith hits you.
The skeletal warrior hits you from afar with a +0 glaive!!
* * * LOW HITPOINT WARNING * * *
The orc shouts!
The searing ray hits the wraith!
The wraith is severely damaged.
The searing ray hits the skeletal warrior but does no damage.
The searing ray hits the orc warrior!
The orc warrior is heavily wounded.
* * * LOW HITPOINT WARNING * * *
The wraith misses you.
The skeletal warrior hits you from afar with a +0 glaive!!
You die...

≈≈≈§#.........'...........#......
≈≈≈...........#...[..o....'.....
≈≈≈.8.........##.....>.....######
≈≈..'#...........................
...#.#?.........o................
####.#..........o#....P..##......
.....#...#######z#..P....##...8..
.....#...# #W##.....###÷.....
.....#...# #@###...## #...8..
#+##8#..># #......## #÷.....
.........#######.....## #...÷..
##..8...............## ##......
.#..................# #...(...
.#..................# #...####
.#.................## #...#...
.#.................# #...#...
.#.##########......# #...#...


You could see a skeletal warrior, a wraith, an orc warrior and an orc.

Vanquished Creatures
  A manticore (D:6)
  An elephant (D:10)
  An unseen horror (D:10)
  A wyvern (D:9)
  A shadow (D:9)
  Sigmund (D:3)
  Eustachio (D:5)
  4 yaks
  A basilisk (D:10)
  2 water moccasins
  2 sky beasts
  A hornet zombie (D:4)
  2 ice beasts
  An ogre (D:6)
  3 orc warriors
  4 black bears
  A centaur (D:8)
  2 phantoms (D:6)
  5 kobold brigands
  4 bullfrogs
  A gnoll sergeant (D:9)
  A wyvern zombie (D:6)
  A scorpion (D:5)
  A wyvern skeleton (D:7)
  2 water moccasin skeletons
  An electric eel (D:9)
  A bullfrog zombie (D:5)
  3 centaur zombies
  5 jellies
  2 bullfrog skeletons
  2 hounds
  A gnoll shaman (D:3)
  An orc priest (D:6)
  Ijyb (D:4)
  An iguana (Temple)
  5 orc wizards
  2 killer bee zombies
  Robin (D:2)
  10 adders
  11 gnolls
  A howler monkey skeleton (D:5)
  2 shadow imps
  2 white imps
  An adder skeleton (D:4)
  3 worms
  6 dart slugs
  32 orcs
  6 endoplasms
  3 giant cockroaches
  14 goblins
  14 hobgoblins
  11 jackals
  2 quokkas
  7 ball pythons
  6 bats
  6 frilled lizards
  25 kobolds
  5 rats
238 creatures vanquished.

Vanquished Creatures (others)
  A fungus (D:10)
  4 plants
5 creatures vanquished.

Grand Total: 243 creatures vanquished

Notes
Turn   | Place    | Note
-------+----------+-------------------------------------------
     0 | D:1      | toffzen the Djinni Venom Mage began the quest for the Orb.
     0 | D:1      | Reached XP level 1. HP: 15/15 MP: 0/0
   459 | D:1      | Reached skill level 1 in Fighting
   459 | D:1      | Reached XP level 2. HP: 19/22 MP: 0/0
   964 | D:1      | Reached XP level 3. HP: 19/27 MP: 0/0
   964 | D:1      | Learned a level 1 spell: Freeze
  1519 | D:1      | Found a faded altar of an unknown god.
  1609 | D:1      | Reached skill level 2 in Fighting
  1800 | D:2      | Reached XP level 4. HP: 27/33 MP: 0/0
  2206 | D:2      | Reached XP level 5. HP: 34/40 MP: 0/0
  2206 | D:2      | Learned a level 2 spell: Searing Ray
  2504 | D:2      | Noticed Robin
  2605 | D:2      | Reached skill level 3 in Fighting
  2634 | D:2      | Killed Robin
  3579 | D:3      | Noticed Sigmund
  3595 | D:3      | Killed Sigmund
  3596 | D:3      | Reached skill level 4 in Fighting
  3596 | D:3      | Reached XP level 6. HP: 17/47 MP: 0/0
  4479 | D:4      | Reached XP level 7. HP: 51/53 MP: 0/0
  4479 | D:4      | Learned a level 2 spell: Ensorcelled Hibernation
  5234 | D:4      | Reached skill level 5 in Fighting
  5603 | D:4      | Noticed a water moccasin
  5615 | D:4      | Killed a water moccasin
  5616 | D:4      | Reached skill level 5 in Spellcasting
  5776 | D:4      | Reached XP level 8. HP: 26/61 MP: 0/0
  6006 | D:4      | Noticed Ijyb
  6015 | D:4      | Killed Ijyb
  6021 | D:5      | Entered Level 5 of the Dungeon
  6379 | D:4      | Reached skill level 6 in Fighting
  6808 | D:5      | Noticed Eustachio
  7717 | D:5      | Killed Eustachio
  7718 | D:5      | Reached skill level 7 in Fighting
  7873 | D:5      | Reached XP level 9. HP: 57/68 MP: 0/0
  7873 | D:5      | Learned a level 3 spell: Tukima's Dance
  8261 | D:6      | Found a staircase to the Ecumenical Temple.
  8275 | Temple   | Entered the Ecumenical Temple
  8283 | Temple   | Became a worshipper of Makhleb the Destroyer
  8559 | D:6      | Noticed a manticore
  8561 | D:6      | Reached skill level 1 in Invocations
  9149 | D:6      | Identified the +0 robe of Josapnyc {Dex+3}
  9626 | D:6      | Reached skill level 8 in Fighting
 10013 | D:6      | Killed a manticore
 10257 | D:6      | Upgraded the game from 0.28-a0-199-g298df9dbad to
                  | 0.28-a0-206-gc2c9e32840
 10492 | D:7      | Reached XP level 10. HP: 69/77 MP: 0/0
 11476 | D:8      | Reached skill level 9 in Fighting
 11534 | D:8      | Reached skill level 5 in Invocations
 11900 | D:8      | Upgraded the game from 0.28-a0-206-gc2c9e32840 to
                  | 0.28-a0-233-gb8ca4b6547
 12322 | D:8      | Reached * piety under Makhleb
 12398 | D:8      | Found a snail-covered altar of Cheibriados.
 14358 | D:10     | Entered Level 10 of the Dungeon
 14620 | D:10     | Upgraded the game from 0.28-a0-233-gb8ca4b6547 to
                  | 0.28-a0-239-g68911e0c57
 14929 | D:10     | Killed an unseen horror
 15098 | D:10     | Found Oloow's Assorted Antiques.
 15281 | D:10     | Found a staircase to the Lair.
 15281 | D:10     | Noticed an elephant
 15296 | D:10     | Reached XP level 11. HP: 69/85 MP: 0/0
 15296 | D:10     | Learned a level 4 spell: Sticky Flame
 15298 | D:10     | Killed an elephant
 15299 | D:10     | Reached skill level 10 in Fighting
 15666 | D:10     | Noticed a skeletal warrior
 15666 | D:10     | Noticed a skeletal warrior
 15710 | D:10     | Slain by a skeletal warrior

Illustrated notes

Levels and vault maps discovered:
D:1:      psy_arrival_fountain, layout_loops_ring,
          dreamdust_ecumenical_altar_angels_and_demons
D:2:      layout_loops_ring, uniq_robin
D:3:      layout_loops_ring, chequers_arboretum, lightli_corner_chamber,
          uniq_sigmund
D:4:      layout_basic, minmay_surrounded, uniq_ijyb
D:5:      layout_gridville, chequers_serial_rivers_marsh, uniq_eustachio
D:6:      cheibrodos_iron_armory, layout_cave_pools, minmay_temple_entry_tees,
          minmay_stone_trees_small, minmay_manual_mess
D:7:      layout_loops_ring
D:8:      layout_loops_corners, kennysheep_little_box
D:9:      layout_long_grid, minivault_14
D:10:     layout_irregular_city, david_lair_generic, serial_column_ruins,
          column_ruins_pillar_9, column_ruins_pillar_2, column_ruins_pillar_1,
          column_ruins_pillar_6, column_ruins_pillar_2, column_ruins_pillar_6,
          column_ruins_pillar_1, column_ruins_pillar_3, column_ruins_pillar_4,
          column_ruins_pillar_2, column_ruins_pillar_7, column_ruins_pillar_3,
          column_ruins_pillar_2, column_ruins_pillar_1, column_ruins_pillar_3,
          column_ruins_pillar_2, column_ruins_pillar_7, serial_shops,
          nicolae_lakefront_shop, minmay_liquid_box, blue_anna_alchemist
Temple:   dpeg_three_leaves_temple

Skill      XL: |  1  2  3  4  5  6  7  8  9 10 11 |
---------------+----------------------------------+-----
Fighting       | 1 2 4 5 7 8 9 10 | 10.1
Spellcasting   | 3 4 5 6 7 8 |  8.2
Invocations    | 4 6 |  6.8
Dodging        | |  2.1
Stealth        | |  1.5

Action                   |  1- 3 |  4- 6 |  7- 9 | 10-12 || total
-------------------------+-------+-------+-------+-------++-------
Melee: Dagger            |     1 |       |     6 |       ||     7
       Staff             |       |       |     2 |       ||     2
       Trident           |       |       |       |     6 ||     6
 Cast: Sting             |    67 |    89 |   120 |     7 ||   283
       Freeze            |    12 |    18 |    27 |       ||    57
       Poisonous Vapours |       |     1 |       |     1 ||     2
       Searing Ray       |       |     1 |    32 |    22 ||    55
       Ensorcelled Hiber |       |       |    10 |       ||    10
       Mephitic Cloud    |       |       |    30 |    46 ||    76
       Olgreb's Toxic Ra |       |       |     6 |    44 ||    50
       Tukima's Dance    |       |       |     1 |       ||     1
Evoke: Wand              |       |       |     2 |     6 ||     8
  Use: Potion            |       |     1 |       |       ||     1
       Scroll            |       |       |     7 |    12 ||    19
 Stab: Sleeping          |       |       |     4 |       ||     4
       Confused          |       |       |       |     1 ||     1
Armor: Robe              |     1 |     9 |    25 |    12 ||    47
Dodge: Dodged            |    17 |    23 |    82 |    21 ||   143

Table legend: (Time is in decaauts)
 A = Elapsed time spent in this place.
 B = Non-inter-level travel time spent in this place.
 C = Inter-level travel time spent in this place.
 D = Time resting spent in this place.
 E = Time spent auto-exploring this place.
 F = Levels seen in this place.
 G = Mean time per level.
                   A        B        C        D        E       F      G
               +--------+--------+--------+--------+--------+-----+--------+
         Total |  15731 |  15181 |    550 |   6779 |   3407 |  11 | 1430.1 |
       Dungeon |  15535 |  14985 |    550 |   6607 |   3407 |  10 | 1553.5 |
        Temple |    196 |    196 |      0 |    172 |      0 |   1 |  196.0 |
               +--------+--------+--------+--------+--------+-----+--------+

Top non-repeatable levels by time:
     D:5: 2200 daAuts
     D:4: 1834 daAuts
     D:9: 1800 daAuts
     D:1: 1797 daAuts
     D:3: 1645 daAuts
     D:8: 1452 daAuts
     D:2: 1393 daAuts
     D:6: 1250 daAuts
     D:7: 1115 daAuts
    D:10: 1045 daAuts
  Temple: 196 daAuts
